 Dungeon Crawl Stone Soup version 0.24-a0-235-g3f03afcf10 (webtiles) character file.

Game seed: 18267376664729907722

50 MrRokkomies the Ducker (level 3, 0/16 HPs)
             Began as a Spriggan Air Elementalist on Apr 5, 2019.
             Succumbed to an adder's poison
             ... on level 2 of the Dungeon on Apr 6, 2019.
             The game lasted 00:06:45 (1214 turns).

MrRokkomies the Ducker (Spriggan Air Elementalist)  Turns: 1214, Time: 00:06:45

Health: 0/16       AC:  2    Str:  9    XL:     3   Next: 55%
Magic:  2/8        EV: 19    Int: 17    God:
Gold:   14         SH:  0    Dex: 16    Spells: 3/7 levels left

rFire    . . .     SeeInvis +   f - +0 dagger (speed)
rCold    . . .     Gourm    .   (shield restricted)
rNeg     . . .     Faith    .   a - +0 robe
rPois    .         Spirit   .   (helmet restricted)
rElec    .         Reflect  .   (no cloak)
rCorr    .         Harm     .   (gloves unavailable)
MR       .....                  (boots unavailable)
Stlth    ++........             (no amulet)
HPRegen  0.05/turn              (no ring)
MPRegen  0.11/turn              (no ring)

@: mighty, lethally poisoned (0 -> -6), very slightly contaminated, very quick
A: very small, unfitting armour, see invisible, herbivore, speed 3, slow
metabolism 2
a: no special abilities


You were on level 2 of the Dungeon.
You were not hungry.

You visited 1 branch of the dungeon, and saw 2 of its levels.

You collected 14 gold pieces.

Inventory:

Hand Weapons
 f - a +0 dagger of speed (weapon)
Missiles
 g - 6 needles of confusion
Armour
 a - a +0 robe (worn)
Jewellery
 i - an uncursed ring of fire {unknown}
Scrolls
 b - a scroll of remove curse {unknown}
 d - a scroll of noise {unknown}
 e - a scroll of teleportation {unknown}
 h - a scroll of magic mapping
 j - a scroll of identify {unknown}
 k - a scroll of enchant weapon {unknown}
Comestibles
 c - a ration


   Skills:
 + Level 3.7 Dodging
 - Level 3.0 Stealth
 - Level 2.6 Spellcasting
 * Level 1.7 Conjurations
 * Level 3.3 Air Magic


You had 3 spell levels left.
You knew the following spells:

 Your Spells              Type           Power        Failure   Level  Hunger
a - Shock                 Conj/Air       ##..         6%          1    #......
b - Static Discharge      Conj/Air       ##......     19%         3    ###....

Your spell library contained the following spells:

 Spells                   Type           Power        Failure   Level  Hunger
 Swiftness                Chrm/Air       #.......     14%         2    ##.....
 Confusing Touch          Hex            #.....       19%         1    #......
 Confuse                  Hex            #.......     47%         3    ###....
 Gell's Gravitas          Tloc           #.........   47%         3    ###....
 Airstrike                Air            ##........   41%         4    #####..
 Petrify                  Tmut/Erth      #.......     87%         4    #####..
 Lightning Bolt           Conj/Air       ##........   87%         5    ######.
 Metabolic Englaciation   Hex/Ice        #.........   99%         5    ######.
 Yara's Violent Unravell  Hex/Tmut       #.........   99%         5    ######.


Dungeon Overview and Level Annotations

Branches:
Dungeon (2/15)

Altars:


Innate Abilities, Weirdness & Mutations

You are very small and have problems with some larger weapons.
You are too small for most types of armour.
You have supernaturally acute eyesight. (SInv)
You are a herbivore.
You cover ground extremely quickly.
You need to consume almost no food.


Message History

Found a metal-bound book.
* * * LOW HITPOINT WARNING * * *
You feel sick.
You see here a scroll labeled RIGOMAE IGUMM.
* * * LOW HITPOINT WARNING * * *
You feel sick.
You see here a book of Misfortune.
You pick up a book of Misfortune and begin reading...
You add the spells Confusing Touch, Confuse, Gell's Gravitas, Petrify, Metabolic Englaciation and Yara's Violent Unravelling to your library.
There is a lethal amount of poison in your body!
* * * LOW HITPOINT WARNING * * *
You feel sick.
You see here a scroll labeled RIGOMAE IGUMM.
k - a scroll labeled RIGOMAE IGUMM
As you read the scroll labeled SOEXUH TIG NEJ, it crumbles to dust.
You feel aware of your surroundings.
You sensed 1 altar.
It was a scroll of magic mapping.
There is a lethal amount of poison in your body!
There is a lethal amount of poison in your body!
You die...

,*,,,*******,*
>,,,,,,,,,,,,*
***,********** **** ***,*
******,,, ,,,,*
##########,,,,,,,, ***,**
#.........,****,** *,,,*
##.########** *,,, *,,,*
*######...# *,,* *,,,*
*.......@## ####### *,,,
**,,,****.##.....†# #.....#
**,*
,,,,,,,,,,*#.##.#†###<....#
*,*
,,,,,,,,,,...*#.).........#
*,*
,,,,,,,,,.......#.###.....#
*,*
**,,,****.##......#*#.....#
*,, *,,,*
*,.........,####### ***
*,,,* *,####.##.#,* * *,,,*
*,***#.*#.#,********** *


There were no monsters in sight!

Vanquished Creatures
  2 adders (D:2)
  An ooze (D:1)
  2 leopard geckos (D:1)
  A ball python (D:1)
  2 giant cockroaches (D:1)
  5 hobgoblins
  2 bats (D:1)
  2 frilled lizards (D:1)
  2 goblins (D:1)
  4 kobolds (D:1)
  3 rats (D:1)
26 creatures vanquished.

Notes
Turn   | Place    | Note
-------+----------+-------------------------------------------
     0 | D:1      | MrRokkomies the Spriggan Air Elementalist began the quest
                  | for the Orb.
     0 | D:1      | Reached XP level 1. HP: 9/9 MP: 5/5
   183 | D:1      | Reached skill level 1 in Conjurations
   243 | D:1      | Reached XP level 2. HP: 4/13 MP: 0/6
  1025 | D:1      | Reached XP level 3. HP: 15/16 MP: 8/8
  1030 | D:1      | Learned a level 3 spell: Static Discharge
  1214 | D:2      | Succumbed to an adder's poison

Levels and vault maps discovered:
D:1:      minmay_arrival_hallway, layout_basic
D:2:      layout_loops_cross, marbit_many_paths

Skill      XL: |  1  2 |
---------------+-------+-----
Conjurations   | 1 |  1.7
Air Magic      | 3 |  3.3
Dodging        | |  3.7
Stealth        | |  3.0
Spellcasting   | |  2.6

Action                   || total
-------------------------++-------
Melee: Unarmed           ||     7
       Dagger            ||    72
 Cast: Shock             ||    29
  Use: Scroll            ||     1
       Potion            ||     1
 Stab: Sleeping          ||     2
Armor: Robe              ||    13
Dodge: Dodged            ||    92

Table legend:
 A = Non-vault XP
 B = Vault XP
 C = Vault XP percentage of total XP
 D = Non-vault monster count
 E = Vault monster count
 F = Vault count percentage of total count
                 A         B        C        D         E       F
            +---------+---------+-------+---------+---------+-------
      Total |      72 |       0 |   0.0 |      26 |       0 |   0.0
            +---------+---------+-------+---------+---------+-------
        D:1 |      42 |       0 |   0.0 |      22 |       0 |   0.0
        D:2 |      30 |       0 |   0.0 |       4 |       0 |   0.0
            +---------+---------+-------+---------+---------+-------
